Map: jonnys 1vs1 LOTV Nuclear Winter

Players

Spieler-2

  • Race: Terran Terran
  • Spawn Location: 7:00

NinjaNight - Winner!

  • Race: Terran Terran
  • Spawn Location: 1:00

VOD

Have the link to the VOD?

Description

Also easily defeating very hard terran as terran with quick rush

Time

  • Played on: March 6, 2024, 1:59 a.m.
  • Length: 6:54
Show
View Real Time Build Order
Export as new Build Order

Spieler-2 Terran 

Build Orders:  

Get SALT Encoding   

  12  0:00  SCV  
  13  0:13  SCV  
  14  0:18  Supply Depot  
  14  0:25  SCV  
  15  0:29  Refinery  
  15  0:40  SCV  
  16  0:47  Barracks  
  16  0:52  SCV  
  17  1:04  SCV  
  18  1:16  SCV  
  19  1:34  Marine  
  19  1:36  Supply Depot  
  19  1:37  Orbital Command, Factory  
  20  1:49  Barracks  
  20  1:52  Marine  
  21  2:03  SCV  
  21  2:05  Refinery  
  22  2:10  Marine  
  22  2:15  SCV  
  24  2:22  Factory Tech Lab, Supply Depot  
  24  2:27  SCV  
  24  2:28  Marine  
  26  2:36  Marine  
  27  2:42  Siege Tank  
  30  2:45  SCV  
  30  2:49  Marine  
  32  2:54  Marine  
  33  2:59  Supply Depot  
  33  3:00  SCV  
  34  3:07  Marine  
  34  3:12  Marine  
  36  3:16  Siege Tank  
  39  3:20  SCV  
  39  3:25  Marine  
  40  3:29  Marine  
  40  3:32  Supply Depot  
  41  3:35  SCV  
  42  3:42  Marine  
  43  3:59  SCV  
  43  4:00  Command Center  
  43  4:02  Barracks Tech Lab  
  44  4:06  Barracks Tech Lab  
  44  4:11  SCV  
  44  4:14  Supply Depot  
  45  4:23  Marauder, SCV  
  48  4:26  Marauder  
  50  4:35  Stimpack, SCV  
  51  4:45  Marauder  
  53  4:47  Marine  
  54  4:53  Barracks  
  51  5:04  Siege Tank  
  51  5:05  Marauder  
  51  5:06  Marine  
  49  5:18  SCV  
  48  5:21  SCV  
  48  5:24  Marauder  
  48  5:26  Marine  
  52  5:30  SCV  
  52  5:33  SCV  
  46  5:39  Marine  
  46  5:42  SCV  
  40  5:44  Marine  
  40  5:45  SCV, Marauder  
  43  5:54  SCV  
  43  5:58  SCV  
  43  5:59  Barracks Reactor  
  43  6:02  Marauder  
  45  6:06  Marine, SCV  
  25  6:18  SCV  
  25  6:23  Marine  
  25  6:25  Marauder  
  27  6:30  SCV  
  28  6:34  Marine  
Show
View Real Time Build Order
Export as new Build Order

NinjaNight Terran - Winner!

Build Orders: 1/1/1, Liberator Opening 

Get SALT Encoding   

  12  0:08  Supply Depot  
  12  0:13  SCV  
  13  0:30  Barracks  
  13  0:35  Refinery  
  13  0:39  SCV  
  14  0:51  SCV  
  14  0:53  Refinery  
  15  1:03  SCV  
  16  1:17  Orbital Command  
  16  1:19  Marine  
  17  1:31  Factory  
  17  1:37  Marine  
  18  1:44  SCV  
  19  1:53  Supply Depot  
  19  1:56  SCV  
  19  1:57  Marine  
  21  2:08  SCV  
  22  2:11  Barracks  
  22  2:17  Hellion  
  24  2:28  Starport  
  24  2:31  Marine  
  25  2:39  Barracks  
  25  2:46  Hellion  
  25  2:49  SCV  
  28  2:58  Marine x2  
  30  3:15  Supply Depot  
  30  3:17  Marine  
  31  3:26  Hellion  
  30  3:36  Liberator  
  30  3:37  Marine x3  
  36  3:45  Supply Depot  
  36  3:46  Supply Depot  
  36  3:49  Hellion  
  38  4:00  Marine  
  39  4:06  Marine x2  
  41  4:16  Hellion  
  41  4:19  Liberator  
  41  4:21  Supply Depot  
  44  4:28  Barracks Reactor  
  44  4:31  Marine x2  
  45  4:37  Hellion  
  48  4:55  Marine  
  48  4:56  Marine  
  50  5:04  Liberator  
  50  5:07  Hellion  
  50  5:08  Marine x2  
  50  5:13  Marine x2  
  51  5:48  Hellion, Marine x4  
  51  5:49  Liberator  
  60  5:59  Command Center  
  58  6:17  Marine  
  58  6:18  Marine x3  
  62  6:41  SCV  
Tags
 
Add a new tag
Caveats
  • Supply blocks, unpowered buildings, or Contaminate may cause inaccurate times.
  • Supply counts are checked every 10 seconds.